Unix NetHack Version 3.7.0-97 Work-in-progress - last build Jan 20 2024 17:37:35 (157cf090cb53e479d994ec1a4552202481ff9585,branch:master). Game began 2024-01-24 13:38:44, ended 2024-01-24 15:12:36. xororand, neutral male human Priest -------- |......| +<.....| |......| ------.- ### # # # # d -|- |h|G. |.|.... --|----- Xororand the Adept St:18/02 Dx:9 Co:16 In:11 Wi:18 Ch:11 Neutral S:13243 Dlvl:10 $:361 HP:0(55) Pw:12(125) AC:-1 Xp:8/2509 T:8390 Satiated Stun Latest messages: The large dog yelps! You hit the large dog! The hobgoblin misses! The invisible bugbear thrusts his crude dagger. The invisible bugbear misses! The gnomish wizard casts a spell at you! Your head suddenly aches painfully! You kill the hobgoblin! The invisible bugbear thrusts his crude dagger. The invisible bugbear hits! The gnomish wizard points at you, then curses. You hit the invisible bugbear! The invisible bugbear thrusts his crude dagger. The invisible bugbear misses! The gnomish wizard points at you, then curses. The gnomish wizard points at you, then curses. You are too impaired to cast a spell. What do you want to use or apply? [kpwxLMQW-Y or ?*] Never mind. You are too impaired to cast a spell. What do you want to use or apply? [kpwxLMQW-Y or ?*] Never mind. The large dog yelps! You hit the large dog! The invisible bugbear thrusts his crude dagger. The invisible bugbear hits! The gnomish wizard points at you, then curses. Are you sure you want to pray? [yn] (n) y You begin praying to Odin. The gnomish wizard points at you, then curses. The gnomish wizard points at you, then curses. The invisible bugbear thrusts his crude dagger. The invisible bugbear hits! The gnomish wizard points at you, then curses. The air crackles around the gnomish wizard. You finish your prayer. You feel that Odin is displeased. You hit the gnomish wizard! The gnomish wizard points at you, then curses. What do you want to zap? [WXY or ?*] ? In what direction? n You kill the invisible bugbear! The bolt of lightning bounces! The bolt of lightning hits you! You die... Do you want your possessions identified? [ynq] (y) n Do you want to see your attributes? [ynq] (y) n Do you want an account of creatures vanquished? [ynaq] (y) n Do you want to see your conduct and achievements? [ynq] (y) n Do you want to see the dungeon overview? [ynq] (y) n Inventory: Coins $ - 361 gold pieces Weapons a - a blessed +1 mace (weapon in right hand) Armor N - a blessed +1 dwarvish iron helm (being worn) r - a blessed +2 pair of iron shoes (being worn) c - a +0 small shield (being worn) V - a blessed +0 cloak of displacement b - a burnt +0 robe (being worn) I - a +0 leather armor (being worn) Scrolls m - a blessed scroll of create monster e - a cursed scroll of punishment Rings s - a ring of levitation j - a ring of see invisible (on left hand) Wands Y - a wand of lightning (0:3) W - a wand of secret door detection (0:13) X - a wand of sleep (0:0) Tools x - a blessed bag of holding containing 33 items Q - a can of grease (0:16) w - a magic whistle L - an oil lamp p - a +0 pick-axe k - a skeleton key M - a towel Contents of the bag of holding: 2376 gold pieces 2 slime molds a clove of garlic 6 food rations a sprig of wolfsbane a blessed scroll of blank paper 3 scrolls of blank paper a scroll of confuse monster a blessed scroll of create monster a scroll of create monster a cursed scroll of create monster a blessed scroll of enchant weapon 2 cursed scrolls of enchant weapon a scroll of identify a scroll of light a cursed scroll of teleportation a blessed spellbook of confuse monster a blessed spellbook of create familiar a blessed spellbook of force bolt a spellbook of healing a spellbook of identify 3 blessed potions of healing 4 potions of healing 7 potions of holy water a potion of unholy water 2 blessed tallow candles 6 blessed wax candles 2 wax candles 2 tallow candles a worthless piece of green glass 3 worthless pieces of white glass 3 worthless pieces of yellow glass a luckstone Xororand the Priest's attributes: Background: You were an Adept, a level 8 human Priest. You were neutral, on a mission for Odin who was opposed by Tyr (lawful) and Loki (chaotic). You were right-handed. You were in the Dungeons of Doom, on level 10. You entered the dungeon 8390 turns ago. You had 2509 experience points, 51 more were needed to attain level 9. Your score was 13243 before end-of-game adjustments. Basics: You had 0 out of 55 hit points. You had 12 out of 125 energy points (spell power). Your armor class was -1. Your wallet contained 361 zorkmids, and you had 2376 more stashed away in your pack. Autopickup was off. Final Characteristics: Your strength was 18/02 (limit:18/100). Your dexterity was 9 (peak:11, limit:18). Your constitution was 16 (limit:18). Your intelligence was 11 (limit:18). Your wisdom was 18 (limit:18). Your charisma was 11 (limit:18). Final Status: You were stunned. You were satiated. You were unencumbered. You were wielding a mace. You had expert skill with mace. Final Attributes: You were piously aligned. You were cold resistant. You were sleep resistant. You were poison resistant. You saw invisible. You were telepathic. You were guarded. You were unlucky. You are dead. Miscellaneous: You never encountered a bones level. Total elapsed playing time was 1 hour, 33 minutes and 52 seconds. Major events: Turn 1: xororand the neutral human Priest entered the dungeon 1154: attained the rank of Acolyte (level 3) 3185: attained the rank of Adept (level 6) 3819: entered the Gnomish Mines 4636: reached Mine Town 8390: killed by a bolt of lightning zapped by himself Vanquished creatures: a warg a small mimic an ettin mummy a human mummy a red naga a carnivorous ape 2 winter wolf cubs a lynx a panther an orc-captain a yeti 2 lizards a dingo a jaguar a blue jelly a plains centaur a gnome mummy 2 snakes an ape a rope golem 3 Woodland-elves 3 fire ants 3 bugbears 2 imps a wood nymph a water nymph 2 mountain nymphs 3 Mordor orcs 2 Uruk-hai 2 orc shamans 2 rock piercers a rock mole a pony 2 yellow lights 3 shriekers 3 violet fungi 8 gnome leaders a gnomish wizard a kobold mummy a gray ooze an elf zombie a ghoul 2 straw golems a paper golem 4 giant ants 3 floating eyes 9 dwarves a homunculus a kobold leader a kobold shaman 20 hill orcs 3 rothes a rabid rat 2 giant bats 9 orc zombies 3 dwarf zombies a wererat a werejackal 4 iguanas 6 coyotes 4 hobbits 2 large kobolds 4 hobgoblins 2 giant rats 10 cave spiders a brown mold 2 yellow molds a green mold a red mold 22 gnomes 2 geckos 5 jackals 4 foxes 3 kobolds 4 goblins 11 sewer rats 4 grid bugs 3 lichens a kobold zombie 7 newts 235 creatures vanquished. No species were genocided or became extinct. Voluntary challenges: You read items or engraved 7 times. You never engraved Elbereth. You never genocided any monsters. You never polymorphed an object. You never changed form. You used no wishes. Achievements: You entered a shop. You attained the rank of Acolyte. You attained the rank of Adept. You entered the Gnomish Mines. You entered Minetown. The Dungeons of Doom: levels 1 to 10 Level 1: An altar. Level 2: A delicatessen. Stairs down to The Gnomish Mines. Level 3: Level 4: A fountain. Level 5: Level 6: An altar to Odin, a grave. Level 7: A fountain. Level 8: Level 9: Many fountains. Oracle of Delphi. Level 10: <- You were here. Final resting place for you, killed by a bolt of lightning zapped by yourself. The Gnomish Mines: levels 3 to 6 Level 3: Level 4: Level 5: Level 6: An altar, some fountains. Game over: ---------- / \ / REST \ / IN \ / PEACE \ / \ | xororand | | 2737 Au | | killed by a bolt | | of lightning | | zapped by | | himself | | 2024 | *| * * * | * _________)/\\_//(\/(/\)/\//\/|_)_______ Goodbye xororand the Priest... You died in The Dungeons of Doom on dungeon level 10 with 12970 points, and 2737 pieces of gold, after 8390 moves. You were level 8 with a maximum of 55 hit points when you died.